[Event "Titled Tuesday Blitz February 22 Late 2022"]
[White "Ardila, Oscar Humberto"]
[Black "Przybylski, Wojciech"]
[WhiteFideId "4404742"]
[BlackFideId "1117599"]
[WhiteElo "1898"]
[BlackElo "2133"]
[Result "0-1"]
[Round "05"]
[TimeControl "180+1"]
[Date "2022.02.23"]
[WhiteClock "0:00:02"]
[BlackClock "0:00:05"]

1. d4 d5 2. c4 dxc4 3. Qa4+ c6 4. Qxc4 Nf6 5. Nf3 Bf5 6. Nc3 Nbd7 7. e3 e6 8. Be2 Be7 9. O-O O-O 10. Rd1 h6 11. Qb3 Qc7 12. h3 Rfd8 13. Bd2 Rac8 14. Rac1 Qb8 15. a3 Bh7 16. Be1 Bd6 17. Na4 e5 18. Nc5 exd4 19. Nxd7 Rxd7 20. Nxd4 Rcd8 21. Bf3 Ne4 22. Bc3 Bh2+ 23. Kf1 Nxc3 24. Qxc3 Be5 25. Qc5 Bf6 26. b4 a6 27. a4 Qh2 28. b5 cxb5 29. axb5 Bg6 30. Ke2 Be7 31. Qb6 Qe5 32. bxa6 bxa6 33. Kf1 Rd6 34. Qc5 Qxc5 35. Rxc5 Rb8 36. Rc6 a5 37. Rxd6 Bxd6 38. Kg1 Bf8 39. Nc6 Rb5 40. Rd5 Rxd5 41. Bxd5 a4 42. Kf1 Bd3+ 43. Ke1 g6 44. Kd2 Bf1 45. Nd4 Ba6 46. Kc3 a3 47. Ba2 Kg7 48. f4 Bd6 49. g4 Kf6 50. h4 Bb7 51. g5+ hxg5 52. hxg5+ Kg7 53. Nb5 Be7 54. Nd4 Bc5 55. Nb3 Bxe3 56. Kb4 Bxf4 57. Kxa3 Bxg5 58. Kb4 Be7+ 59. Kb5 Bd5 60. Nc5 Bxa2 61. Ne4 Be6 62. Kc6 Bf6 63. Ng3 g5 64. Ne2 Kg6 65. Kd6 Bf5 66. Ng3 Bg7 67. Ke7 f6 68. Ke8 Bd3 69. Ke7 f5 0-1


[Site "https://www.chess.com"]

[Event "Titled Tuesday Blitz February 22 Late 2022"]
[White "Baches Garcia, Guillermo"]
[Black "Desideri, Ricardo Maruchi"]
[WhiteFideId "2209764"]
[BlackFideId "2110440"]
[WhiteElo "2400"]
[BlackElo "1945"]
[Result "1/2-1/2"]
[Round "05"]
[TimeControl "180+1"]
[Date "2022.02.23"]
[WhiteClock "0:00:14"]
[BlackClock "0:00:03"]

1. e4 c5 2. Nf3 d6 3. d4 cxd4 4. Qxd4 Nf6 5. Bb5+ Nbd7 6. c4 a6 7. Bxd7+ Bxd7 8. Nc3 Bc6 9. O-O e6 10. Bg5 Be7 11. Rad1 Qc7 12. Qd3 O-O 13. Bf4 Rad8 14. h3 Rfe8 15. Rfe1 e5 16. Bg5 h6 17. Bxf6 Bxf6 18. Nd2 Bg5 19. Nf1 Rf8 20. g3 Qc8 21. h4 Be7 22. Ne3 g6 23. h5 Bg5 24. Ned5 Qg4 25. hxg6 fxg6 26. Kg2 Rf7 27. f3 Qc8 28. b4 Rdf8 29. Rf1 h5 30. b5 axb5 31. cxb5 Bd7 32. Rf2 Bg4 33. f4 exf4 34. gxf4 Bxf4 35. Rxf4 Rxf4 36. Ne7+ Kg7 37. Qd4+ Kh6 38. Nxc8 Bxd1 39. Nxd1 Rxc8 40. Ne3 Rcf8 41. Nd5 Rg4+ 42. Kh2 Rf3 43. Qh8+ Kg5 44. Qd8+ Kh6 45. Qxd6 Rf2+ 46. Kh1 Rf1+ 47. Kh2 Rf2+ 48. Kh3 Rf3+ 49. Kh2 Rf2+ 1/2-1/2


[Site "https://www.chess.com"]

[Event "Titled Tuesday Blitz February 22 Late 2022"]
[White "Bachmann, Axel"]
[Black "Tang, Andrew"]
[WhiteFideId "3700488"]
[BlackFideId "2059630"]
[WhiteElo "2642"]
[BlackElo "2584"]
[Result "1/2-1/2"]
[Round "05"]
[TimeControl "180+1"]
[Date "2022.02.22"]
[WhiteClock "0:00:05"]
[BlackClock "0:00:05"]

1. Nf3 d5 2. e3 Nf6 3. c4 e6 4. Nc3 Bd6 5. b3 O-O 6. Bb2 b6 7. cxd5 exd5 8. Rc1 a6 9. g3 Bb7 10. d4 Nbd7 11. Bg2 Re8 12. O-O Qe7 13. Re1 Rad8 14. Re2 h5 15. Rec2 Ng4 16. Nh4 Qe6 17. Ne2 Ndf6 18. Nf4 Qd7 19. h3 g5 20. hxg4 gxh4 21. g5 Bxf4 22. gxf4 Ng4 23. Rxc7 Qe6 24. Rxb7 Nxf2 25. Kxf2 Qxe3+ 26. Kf1 h3 27. Qxh5 hxg2+ 28. Kxg2 Qd2+ 29. Kh1 Re1+ 30. Rxe1 Qxe1+ 31. Kg2 Qd2+ 32. Kf1 Qxf4+ 33. Kg2 Rc8 34. Qe2 Qxg5+ 35. Kh1 Qh4+ 36. Kg1 Kh8 37. Qe5+ f6 38. Qh2 Qxh2+ 39. Kxh2 Rc2+ 40. Kg3 Rxb2 41. Rxb6 Rxa2 42. Rxf6 Ra3 43. Kf4 Rxb3 44. Rxa6 Kg7 45. Ke5 Kf7 46. Kxd5 Ke7 47. Ra7+ Kd8 48. Kc6 Rc3+ 49. Kd6 Ke8 50. d5 Rb3 51. Ra8+ Kf7 52. Kc7 Rc3+ 53. Kd7 Rb3 54. d6 Rb1 55. Kc7 Rc1+ 56. Kd8 Ke6 57. d7 Rd1 58. Ra6+ Kf7 59. Kc7 Ke7 60. Re6+ Kxe6 61. d8=Q Rxd8 62. Kxd8 1/2-1/2


[Site "https://www.chess.com"]

[Event "Titled Tuesday Blitz February 22 Late 2022"]
[White "Badmatsyrenov, Oleg"]
[Black "Ponkratov, Pavel"]
[WhiteFideId "24115762"]
[BlackFideId "4157800"]
[WhiteElo "2403"]
[BlackElo "2487"]
[Result "0-1"]
[Round "05"]
[TimeControl "180+1"]
[Date "2022.02.22"]
[WhiteClock "0:00:07"]
[BlackClock "0:00:53"]

1. e4 c5 2. Nf3 b6 3. b4 cxb4 4. a3 Bb7 5. Bd3 Nc6 6. O-O e6 7. Bb2 Nf6 8. e5 Nd5 9. Re1 bxa3 10. Nxa3 Be7 11. Nc4 O-O 12. Nd6 Bxd6 13. exd6 f5 14. c4 Nf4 15. Bf1 Rc8 16. d4 Na5 17. c5 Bd5 18. Ra3 Rb8 19. Bc1 Ng6 20. Ng5 h6 21. Qh5 Qf6 22. Rh3 Nb3 23. Nh7 Kxh7 24. Bg5 Nxd4 25. Bxf6 Nf4 26. Bxd4 Nxh5 27. Rxh5 b5 28. Rh3 a5 29. Ra1 a4 30. Rg3 g5 31. f4 g4 32. h3 h5 33. hxg4 hxg4 34. Kf2 Bc6 35. Bd3 Kg8 36. Rh1 Kf7 37. Re3 Ke8 38. Rh6 Kd8 39. Bxf5 exf5 40. Rf6 Rxf6 41. Bxf6+ Kc8 42. Bc3 Kb7 43. Bb4 Be4 44. Kg3 Kc6 45. Kh4 Bxg2 46. Rc3 Be4 47. Kg5 Rg8+ 0-1


[Site "https://www.chess.com"]

[Event "Titled Tuesday Blitz February 22 Late 2022"]
[White "Baker, Chris W"]
[Black "Xiong, Jeffery"]
[WhiteFideId "401676"]
[BlackFideId "2047640"]
[WhiteElo "2256"]
[BlackElo "2727"]
[Result "0-1"]
[Round "05"]
[TimeControl "180+1"]
[Date "2022.02.22"]
[WhiteClock "0:00:07"]
[BlackClock "0:00:39"]

1. c4 g6 2. Nf3 Bg7 3. g3 d6 4. Bg2 Nc6 5. O-O Bd7 6. Nc3 Qc8 7. d4 Bh3 8. d5 Ne5 9. Nxe5 Bxe5 10. Be3 h5 11. Bd4 h4 12. Bxe5 dxe5 13. Qd3 hxg3 14. Qxg3 Nf6 15. Rac1 Bxg2 16. Qxg2 Rh4 17. f3 Qf5 18. e4 Qf4 19. Qg3 Nh5 20. Qxf4 Nxf4 21. Rc2 Kd7 22. Ne2 Nd3 23. Rd1 Nb4 24. Rcd2 Nxa2 25. c5 Nb4 26. c6+ bxc6 27. dxc6+ Kxc6 28. Rc1+ Kb6 29. Rd7 c6 30. Rxe7 Rah8 31. Rc4 Nd3 32. Nc3 Rxh2 33. Na4+ Kb5 34. b3 Rh1+ 35. Kg2 Nf4+ 0-1


[Site "https://www.chess.com"]

[Event "Titled Tuesday Blitz February 22 Late 2022"]
[White "Barp, Alberto"]
[Black "Chernomordik, Pavel"]
[WhiteFideId "872555"]
[BlackFideId "2804530"]
[WhiteElo "2229"]
[BlackElo "2249"]
[Result "1-0"]
[Round "05"]
[TimeControl "180+1"]
[Date "2022.02.23"]
[WhiteClock "0:00:07"]
[BlackClock "0:00:02"]

1. d4 g6 2. Nf3 Bg7 3. Nbd2 d6 4. e4 Nf6 5. e5 dxe5 6. dxe5 Ng4 7. Qe2 Nc6 8. Nc4 Qd5 9. Bf4 Nd4 10. Nxd4 Qxd4 11. Bg3 b5 12. c3 Qxc4 13. Qf3 Qc5 14. Qxa8 O-O 15. Qe4 Bxe5 16. Qb4 Qxb4 17. cxb4 Bxb2 18. Rb1 Bc3+ 19. Ke2 Bf5 20. Rb3 Be5 21. h3 Bxg3 22. Rxg3 Nf6 23. Ke1 Nd5 24. a3 c6 25. Bd3 Be6 26. Be4 Nb6 27. Rd3 Nc4 28. Bxc6 Ne5 29. Be4 Nxd3+ 30. Bxd3 Rd8 31. Bxb5 Rd4 32. Ke2 Bc4+ 33. Bxc4 Rxc4 34. Kd3 Rc7 35. Re1 Kf8 36. Re5 Ke8 37. a4 Kd7 38. Rd5+ Ke6 39. Ra5 Kd6 40. Kd4 f6 41. Ra6+ Kd7 42. b5 e5+ 43. Kd5 Kc8 44. Rxf6 Rd7+ 45. Kxe5 Kb7 46. Rd6 Re7+ 47. Kf4 Rf7+ 48. Kg3 Kc7 49. Re6 Rd7 50. a5 Rd5 51. Re7+ Kd6 52. Rxh7 Rxb5 53. Rxa7 g5 54. Kg4 Kc5 55. Kxg5 1-0


[Site "https://www.chess.com"]

[Event "Titled Tuesday Blitz February 22 Late 2022"]
[White "Bodnar, Nikolay"]
[Black "Goryachkina, Aleksandra"]
[WhiteFideId "14106469"]
[BlackFideId "4147103"]
[WhiteElo "2296"]
[BlackElo "2426"]
[Result "0-1"]
[Round "05"]
[TimeControl "180+1"]
[Date "2022.02.23"]
[WhiteClock "0:00:27"]
[BlackClock "0:00:02"]

1. e4 c5 2. Nf3 e6 3. d4 cxd4 4. Nxd4 Nf6 5. Nc3 Nc6 6. Ndb5 d6 7. Bf4 e5 8. Bg5 a6 9. Na3 b5 10. Nab1 Be7 11. Bxf6 Bxf6 12. a4 b4 13. Nd5 O-O 14. Bc4 Be6 15. O-O Bg5 16. c3 a5 17. cxb4 Nxb4 18. Nbc3 Kh8 19. Nb5 Rc8 20. b3 Bxd5 21. Bxd5 Qb6 22. Bc4 Rcd8 23. Qg4 Bh6 24. Rad1 g6 25. Qh4 Bg7 26. Qe7 Nc6 27. Rxd6 Qc5 28. Qc7 Rc8 29. Qb7 Nd4 30. Rd5 Qb4 31. Nd6 Qxb7 32. Nxb7 f5 33. exf5 gxf5 34. Rxa5 Rc7 35. Nd6 h6 36. h4 Rb8 37. Nf7+ Kh7 38. Nxe5 Nxb3 39. Bxb3 Rxb3 40. Nf3 f4 41. Rf5 Rb4 42. a5 Rc2 43. h5 Ra2 44. Rd1 Rba4 45. Rd7 Rxa5 46. Rff7 Ra1+ 47. Kh2 Rxh5+ 48. Nh4 Rxh4# 0-1


[Site "https://www.chess.com"]

[Event "Titled Tuesday Blitz February 22 Late 2022"]
[White "Borisova, Ekaterina"]
[Black "Romero Ruscalleda, Josep"]
[WhiteFideId "34124184"]
[BlackFideId "2231859"]
[WhiteElo "2034"]
[BlackElo "2379"]
[Result "1-0"]
[Round "05"]
[TimeControl "180+1"]
[Date "2022.02.23"]
[WhiteClock "0:00:30"]
[BlackClock "0:00:17"]

1. d4 g6 2. e4 Bg7 3. Nc3 d6 4. Be3 a6 5. a4 Nc6 6. Qd2 e5 7. d5 Nce7 8. f3 f5 9. h4 Nf6 10. Be2 f4 11. Bf2 Nh5 12. O-O-O Bd7 13. Kb1 Qb8 14. a5 b5 15. Na2 O-O 16. Bd3 c5 17. dxc6 Bxc6 18. Nb4 Bb7 19. Ne2 d5 20. exd5 Nxd5 21. Nxd5 Bxd5 22. Bxg6 Bxf3 23. Bxh7+ Kxh7 24. gxf3 Qc7 25. Qd3+ Kh8 26. Rdg1 Rac8 27. Qg6 Ng3 28. Nxg3 fxg3 29. Rxg3 Rf6 30. Qd3 Rd6 31. Bb6 Qxb6 32. axb6 Rxd3 33. cxd3 Rb8 34. Rg6 Kh7 35. h5 Bh6 36. Re1 Bf4 37. d4 exd4 38. Re7+ Kh8 39. Kc2 Rd8 40. Kd3 Bb8 41. b7 Rf8 42. f4 Bxf4 43. Rc6 Kg8 44. Rc8 Bb8 45. Ree8 1-0


[Site "https://www.chess.com"]

[Event "Titled Tuesday Blitz February 22 Late 2022"]
[White "Boros, Denes"]
[Black "Lewtak, Damian"]
[WhiteFideId "722340"]
[BlackFideId "1141724"]
[WhiteElo "2464"]
[BlackElo "2361"]
[Result "0-1"]
[Round "05"]
[TimeControl "180+1"]
[Date "2022.02.22"]
[WhiteClock "0:00:14"]
[BlackClock "0:00:20"]

1. e4 c5 2. Nc3 a6 3. d4 cxd4 4. Qxd4 Nc6 5. Qe3 b5 6. Bd2 b4 7. Nd5 e6 8. Nb6 Rb8 9. Nxc8 Qxc8 10. Nf3 Nge7 11. Be2 Ng6 12. O-O Bd6 13. Qd3 Qc7 14. Qxa6 O-O 15. Qc4 Nge5 16. Nxe5 Bxe5 17. f4 Bxb2 18. Rab1 Qa7+ 19. Kh1 Qd4 20. Qd3 Qxd3 21. Bxd3 Bc3 22. Be3 d5 23. f5 Ra8 24. fxe6 fxe6 25. Rxf8+ Rxf8 26. Bb5 d4 27. Bg5 Ne5 28. Ba4 Rf2 29. Bb3 Kf7 30. Kg1 Re2 31. Rf1+ Kg6 32. Be7 Rxe4 33. Bxe6 Nf3+ 34. Rxf3 Rxe6 35. Bc5 Ra6 36. Rg3+ Kf7 37. Rf3+ Ke6 38. Rd3 Kd5 39. Bf8 Rxa2 40. Bxg7 Rxc2 41. Rd1 b3 42. Bf8 Kc4 43. Ba3 d3 44. h4 b2 45. Bxb2 Bxb2 46. Kh2 Kc3 47. Kg3 Rc1 48. Rxc1+ Bxc1 49. Kf3 d2 50. Ke2 0-1


[Site "https://www.chess.com"]

[Event "Titled Tuesday Blitz February 22 Late 2022"]
[White "Bouget, Alexandre"]
[Black "Goltsev, Dmitry"]
[WhiteFideId "681318"]
[BlackFideId "24176710"]
[WhiteElo "2178"]
[BlackElo "2273"]
[Result "0-1"]
[Round "05"]
[TimeControl "180+1"]
[Date "2022.02.23"]
[WhiteClock "0:00:04"]
[BlackClock "0:00:12"]

1. d4 Nf6 2. c4 e6 3. Nc3 Bb4 4. e3 Qe7 5. Ne2 O-O 6. a3 Bxc3+ 7. Nxc3 b6 8. Bd3 Bb7 9. O-O d6 10. f4 Nbd7 11. e4 e5 12. fxe5 dxe5 13. d5 a5 14. Bg5 h6 15. Bh4 g5 16. Bg3 Nc5 17. Rf5 Nfd7 18. Bc2 f6 19. Qh5 Kg7 20. Nd1 Qf7 21. Qf3 Bc8 22. Ne3 Nb8 23. Bxe5 Bxf5 24. Nxf5+ Kh7 25. Bd4 Nbd7 26. Qh3 Qg6 27. e5 Nxe5 28. Bxe5 fxe5 29. Nd4 e4 30. Re1 Rae8 31. b4 axb4 32. axb4 Nd3 33. Rb1 Rf7 34. Ne6 Rfe7 35. Rd1 Kh8 36. Rxd3 exd3 37. Bxd3 Qf6 38. Qe3 Rxe6 39. dxe6 Rxe6 40. Qd2 Qd4+ 41. Kh1 Qa1+ 0-1


[Site "https://www.chess.com"]

[Event "Titled Tuesday Blitz February 22 Late 2022"]
[White "Buchenau, Frank"]
[Black "Goltseva, Ekaterina"]
[WhiteFideId "4604350"]
[BlackFideId "24173770"]
[WhiteElo "2193"]
[BlackElo "2140"]
[Result "0-1"]
[Round "05"]
[TimeControl "180+1"]
[Date "2022.02.23"]
[WhiteClock "0:00:18"]
[BlackClock "0:00:08"]

1. e4 e5 2. Bc4 Nf6 3. d3 c6 4. Nf3 d5 5. Bb3 Bb4+ 6. Bd2 Bd6 7. Nc3 d4 8. Ne2 a5 9. c3 c5 10. cxd4 cxd4 11. O-O O-O 12. Nexd4 exd4 13. e5 Bxe5 14. Nxe5 Nbd7 15. Re1 Nc5 16. Bc4 Bf5 17. Bg5 h6 18. Bh4 Be6 19. Rc1 Bxc4 20. Rxc4 Qd6 21. Bxf6 gxf6 22. Qg4+ Kh8 23. Rxd4 Qe6 24. Ng6+ fxg6 25. Rxe6 Nxe6 26. Qxe6 Rae8 27. Qxe8 Rxe8 28. Kf1 Rc8 29. Rc4 Rd8 30. Ke2 Rd7 31. Rc5 a4 32. Ra5 Rd4 33. Rb5 Rd7 34. Rb4 Rc7 35. Kd2 Kg7 36. Rxa4 Kf7 37. Rc4 Rd7 38. a4 Ke6 39. a5 Kd5 40. b4 Re7 41. b5 Kd6 42. h4 h5 43. a6 bxa6 44. bxa6 Ra7 45. Ra4 Kc6 46. Ke3 Kb5 47. Ra1 Kb6 48. Ke4 Re7+ 49. Kd5 Ka7 50. Kd6 Re2 51. d4 Rxf2 52. d5 Rxg2 53. Ke7 Re2+ 54. Kxf6 Rd2 55. Ke6 Re2+ 56. Kd7 Rd2 57. d6 Rd4 58. Ke7 Rxh4 59. d7 Re4+ 60. Kd8 h4 61. Kc7 Rc4+ 62. Kd6 Rd4+ 63. Ke6 h3 64. Ra3 h2 65. Rh3 Re4+ 66. Kd5 Re2 67. Kc6 Rc2+ 68. Kd6 Rd2+ 69. Ke7 Re2+ 70. Kf6 Rd2 71. Ke6 Re2+ 72. Kd6 Rd2+ 73. Kc7 Rc2+ 74. Kd8 g5 75. Ke8 Re2+ 76. Kf8 Rd2 77. Rh7 Kxa6 78. Ke8 Re2+ 79. Kd8 g4 80. Kc7 Rc2+ 81. Kd6 Rd2+ 82. Ke6 g3 83. Ke7 Rd3 84. Rh6+ Kb7 85. Rh7 g2 86. Ke6 Ka6 87. Rxh2 g1=Q 88. Ra2+ Kb5 89. Rb2+ Kc4 90. Rc2+ Kb3 91. Rc6 Qe3+ 92. Kf7 Qf4+ 93. Rf6 Qc7 94. Re6 Rxd7+ 95. Kf6 Rd6 96. Rxd6 Qxd6+ 97. Kf5 Qd5+ 98. Kg4 Kc4 99. Kf4 Kd4 0-1


[Site "https://www.chess.com"]

[Event "Titled Tuesday Blitz February 22 Late 2022"]
[White "Budrewicz, Krzysztof"]
[Black "Rytenko, Vsevolod"]
[WhiteFideId "1127950"]
[BlackFideId "14133040"]
[WhiteElo "2248"]
[BlackElo "2144"]
[Result "1-0"]
[Round "05"]
[TimeControl "180+1"]
[Date "2022.02.23"]
[WhiteClock "0:00:36"]
[BlackClock "0:01:31"]

1. d4 Nf6 2. c4 e6 3. Nf3 Bb4+ 4. Bd2 Be7 5. Nc3 O-O 6. e4 d5 7. e5 Ne4 8. Bd3 Nxd2 9. Qxd2 dxc4 10. Bxc4 c5 11. d5 exd5 12. Nxd5 Nc6 13. O-O Be6 14. Rad1 Bg4 15. Qf4 Bxf3 16. Nf6+ Bxf6 17. Rxd8 Bxd8 18. Qxf3 Nxe5 19. Qxb7 Bf6 20. Bd5 Rab8 21. Qxa7 Rxb2 22. Qxc5 Nd3 23. Qa7 Rd2 24. Qe3 Bc3 25. Bc4 Rd8 26. Qe7 Bf6 27. Qxf7+ Kh8 28. Bxd3 R2xd3 29. g3 Ra3 30. Re1 Raa8 31. Re2 Rf8 32. Qd5 h6 33. h4 Rfd8 34. Qe6 Ra5 35. Kg2 Rda8 36. Kh3 R5a6 37. Qf7 R6a7 38. Re8+ Kh7 39. Qg8+ Kg6 40. Rxa8 1-0


[Site "https://www.chess.com"]

[Event "Titled Tuesday Blitz February 22 Late 2022"]
[White "Buscar, Michael"]
[Black "Peterson, Eric"]
[WhiteFideId "2603616"]
[BlackFideId "14908395"]
[WhiteElo "2010"]
[BlackElo "2195"]
[Result "1/2-1/2"]
[Round "05"]
[TimeControl "180+1"]
[Date "2022.02.23"]
[WhiteClock "0:00:11"]
[BlackClock "0:00:48"]

1. c4 e6 2. g3 d5 3. Bg2 Nf6 4. Nf3 Be7 5. O-O O-O 6. b3 d4 7. d3 Nc6 8. e4 e5 9. a3 a5 10. Ne1 Bc5 11. h3 Ne8 12. f4 f5 13. Ra2 fxe4 14. Bxe4 Nf6 15. Bg2 exf4 16. Bxf4 Be6 17. Raf2 Qd7 18. Kh2 Rae8 19. Nf3 Bd6 20. Ng5 Bxf4 21. Rxf4 Kh8 22. Nxe6 Qxe6 23. Nd2 Nd7 24. Be4 Rxf4 25. Rxf4 Nf6 26. Qf3 Ne5 27. Qf1 c6 28. Bf5 Qe7 29. Ne4 Nxe4 30. Bxe4 g6 31. b4 axb4 32. axb4 Kg7 33. Qf2 Qd7 34. g4 Re7 35. Qg3 Rf7 36. Rxf7+ Nxf7 37. Qf4 Qd6 38. Qxd6 Nxd6 39. Bf3 g5 40. Kg3 Kf6 41. h4 h6 42. hxg5+ hxg5 43. Bg2 Nf7 44. Kf2 Ne5 45. Be4 Ke6 46. Bf5+ Kd6 47. Ke2 c5 48. bxc5+ Kxc5 49. Kd2 b6 50. Kc2 1/2-1/2


[Site "https://www.chess.com"]

[Event "Titled Tuesday Blitz February 22 Late 2022"]
[White "Carbone, Diego"]
[Black "Aukhatov, Roman"]
[WhiteFideId "3002179"]
[BlackFideId "44150768"]
[WhiteElo "2199"]
[BlackElo "2112"]
[Result "1-0"]
[Round "05"]
[TimeControl "180+1"]
[Date "2022.02.23"]
[WhiteClock "0:00:05"]
[BlackClock "0:00:01"]

1. d4 Nf6 2. c4 c5 3. d5 e5 4. Nc3 d6 5. e4 Be7 6. h3 Nbd7 7. Nf3 a6 8. a4 Nf8 9. g3 h5 10. Bg5 N6h7 11. Be3 Ng6 12. Be2 Ng5 13. Ng1 h4 14. Bg4 hxg3 15. fxg3 Nh7 16. Bxc8 Qxc8 17. Qf3 Bg5 18. Nge2 Bxe3 19. Qxe3 Nf6 20. h4 Qg4 21. Kd2 O-O-O 22. a5 Rdf8 23. Rab1 Nd7 24. Na4 f5 25. exf5 Rxf5 26. Rhf1 Rhf8 27. Rxf5 Rxf5 28. b3 Rf3 29. Qg1 e4 30. Nac3 Nde5 31. Rf1 e3+ 32. Kc2 Qf5+ 33. Kb2 Rxf1 34. Qxe3 Nd3+ 35. Ka2 Nde5 36. Ne4 Qf3 37. Nxd6+ Kd7 38. Qxc5 1-0


[Site "https://www.chess.com"]

[Event "Titled Tuesday Blitz February 22 Late 2022"]
[White "Cardoso Cardoso, Jose Gabriel"]
[Black "Abdyzhapar, Asylbek"]
[WhiteFideId "4430492"]
[BlackFideId "13800337"]
[WhiteElo "2451"]
[BlackElo "2331"]
[Result "1-0"]
[Round "05"]
[TimeControl "180+1"]
[Date "2022.02.23"]
[WhiteClock "0:00:05"]
[BlackClock "0:00:07"]

1. Nf3 Nf6 2. b3 g6 3. Bb2 Bg7 4. e3 O-O 5. d4 d6 6. Be2 c5 7. c4 b6 8. O-O Bb7 9. Nc3 Nbd7 10. d5 a6 11. a4 Re8 12. e4 h6 13. Ne1 e6 14. dxe6 Rxe6 15. f3 Ne5 16. Nc2 Nc6 17. Qd2 Nd7 18. Rad1 Nd4 19. Nxd4 Bxd4+ 20. Kh1 Qh4 21. Nb1 Bxb2 22. Qxb2 Nf6 23. Nc3 Nh5 24. Kg1 Rae8 25. Qd2 Qf4 26. Qxf4 Nxf4 27. Bd3 Kg7 28. Rd2 h5 29. Rfd1 h4 30. Bc2 Rd8 31. Kf2 g5 32. g3 hxg3+ 33. hxg3 Ng6 34. a5 bxa5 35. Na4 Rh8 36. Kg1 Rf6 37. Rxd6 Rxf3 38. Kg2 g4 39. Nxc5 Bc8 40. R1d3 Ne5 41. Bd1 Nxd3 42. Nxd3 Re3 43. Nf2 Be6 44. Rxa6 Re1 45. Bxg4 Bxg4 46. Nxg4 Rxe4 47. Kf3 Rd4 48. Rxa5 Rd3+ 49. Kf4 Rxb3 50. Rg5+ Kf8 51. Rc5 Rh1 52. Ne3 Kg7 53. Nf5+ Kg6 54. Nh4+ Kf6 55. Rc6+ Ke7 56. Nf5+ Kd7 57. Rd6+ Ke8 58. Kg5 Rhb1 59. Ra6 Rb6 60. Ra8+ Rb8 61. Ra7 Kf8 62. g4 R1b6 63. Rc7 Rg6+ 64. Kf4 Rd8 65. g5 Re8 66. Nh6 Re7 67. Rc8+ Re8 68. Rc7 Rg7 69. Nf5 Rh7 70. c5 Kg8 71. Nd6 Rd8 72. Ne4 Rh1 73. Nf6+ Kg7 74. Re7 Rf1+ 75. Kg4 Rg1+ 76. Kf4 Rd4+ 77. Ke5 Rc4 78. Kd5 Rcc1 79. Ne4 Rcd1+ 80. Kc6 Rge1 81. Re8 Rd4 82. Nf6 Re6+ 83. Kb7 Rxe8 84. Nxe8+ Kg6 85. c6 Rb4+ 86. Ka6 Rc4 87. Kb5 Rc1 88. Nd6 Rd1 89. c7 Rc1 90. Nc4 Rb1+ 91. Kc5 Re1 92. c8=Q Re6 93. Qg8+ Kf5 94. Kd5 Rg6 95. Qxf7+ Kxg5 96. Ne5 Kh6 97. Qxg6# 1-0


[Site "https://www.chess.com"]

[Event "Titled Tuesday Blitz February 22 Late 2022"]
[White "Chabris, Christopher"]
[Black "Munoz, Francisco Javier"]
[WhiteFideId "2005263"]
[BlackFideId "128368"]
[WhiteElo "2317"]
[BlackElo "2383"]
[Result "0-1"]
[Round "05"]
[TimeControl "180+1"]
[Date "2022.02.23"]
[WhiteClock "0:00:01"]
[BlackClock "0:00:15"]

1. e4 e5 2. Nf3 Nc6 3. Bb5 a6 4. Ba4 Nf6 5. O-O d6 6. c3 Bd7 7. d4 g6 8. d5 Nb8 9. Re1 Bg7 10. c4 O-O 11. Nc3 Nh5 12. Bxd7 Nxd7 13. Be3 b6 14. b4 Kh8 15. a4 a5 16. bxa5 Rxa5 17. Nd2 Nf4 18. Nb3 Ra8 19. g3 Nh5 20. a5 Nc5 21. Nxc5 bxc5 22. a6 Qc8 23. a7 Nf6 24. f3 Nd7 25. Qd2 Nb6 26. Qd3 f5 27. Reb1 f4 28. Bf2 fxg3 29. hxg3 Rf7 30. Kg2 g5 31. g4 Bf8 32. Rh1 Kg8 33. Rh3 Qb7 34. Rah1 Rxa7 35. Be3 Rg7 36. Qd2 Nxc4 37. Qe1 Qb2+ 38. Kg3 Ra3 39. Bxg5 Qxc3 40. Qxc3 Rxc3 41. Bf6 Rf7 42. g5 Nd2 43. Kg4 Rxf3 44. Rxf3 Nxf3 45. Kxf3 Be7 46. Kg4 Bxf6 47. gxf6 Rxf6 48. Rc1 Rf4+ 49. Kg5 Rxe4 50. Ra1 Kg7 51. Ra7 Rf4 52. Rxc7+ Rf7 53. Rc6 Rd7 54. Kf5 Kf7 55. Rc8 Ke7 56. Rh8 c4 57. Rxh7+ Kd8 0-1


[Site "https://www.chess.com"]

[Event "Titled Tuesday Blitz February 22 Late 2022"]
[White "Chigaev, Maksim"]
[Black "Kosakowski, Jakub"]
[WhiteFideId "4108116"]
[BlackFideId "1185080"]
[WhiteElo "2502"]
[BlackElo "2476"]
[Result "1-0"]
[Round "05"]
[TimeControl "180+1"]
[Date "2022.02.22"]
[WhiteClock "0:00:07"]
[BlackClock "0:00:02"]

1. Nf3 Nf6 2. g3 g6 3. b3 Bg7 4. Bb2 b6 5. Bg2 Bb7 6. O-O O-O 7. c4 c5 8. d4 d5 9. dxc5 dxc4 10. cxb6 Qxb6 11. Nbd2 Rd8 12. Qc2 cxb3 13. axb3 Nc6 14. Nc4 Qb5 15. Rfd1 Rac8 16. Rxd8+ Rxd8 17. Rd1 Rxd1+ 18. Qxd1 h6 19. h3 a5 20. Nfd2 Nd5 21. Bxg7 Kxg7 22. Ne4 Nb6 23. Ned6 exd6 24. Nxd6 Qb4 25. Nxb7 Nd4 26. Nxa5 Nxe2+ 27. Qxe2 Qxa5 28. Qb2+ Kg8 29. b4 Qb5 30. Qd4 Na4 31. Bd5 Nb6 32. Bb3 Qc6 33. Qc5 Qf6 34. Kg2 Kg7 35. b5 h5 36. h4 Nd7 37. Qd5 Nb6 38. Qc6 Qd4 39. Qf3 Qf6 40. Qxf6+ Kxf6 41. Kf3 Ke7 42. Kf4 f6 43. g4 hxg4 44. Kxg4 Kd6 45. Bf7 f5+ 46. Kg5 Ke5 47. f4+ Ke4 48. Bxg6 Nc4 49. Bxf5+ 1-0


[Site "https://www.chess.com"]

[Event "Titled Tuesday Blitz February 22 Late 2022"]
[White "Chyngyz, Sultai"]
[Black "Perez Gormaz, Matias"]
[WhiteFideId "13803158"]
[BlackFideId "3406342"]
[WhiteElo "1339"]
[BlackElo "2352"]
[Result "0-1"]
[Round "05"]
[TimeControl "180+1"]
[Date "2022.02.23"]
[WhiteClock "0:01:09"]
[BlackClock "0:01:23"]

1. e4 c5 2. Nf3 d6 3. d4 cxd4 4. Nxd4 Nf6 5. Nc3 a6 6. Be2 e5 7. Nb3 Be7 8. O-O O-O 9. Be3 Be6 10. Nd5 Nbd7 11. Nxe7+ Qxe7 12. f3 d5 13. exd5 Nxd5 14. Qd2 Rac8 15. c4 Nxe3 16. Qxe3 Bxc4 17. Bxc4 Rxc4 18. Rac1 Qe6 19. Rxc4 Qxc4 20. Rc1 Qd5 21. h3 Nf6 22. Kh2 e4 23. fxe4 Nxe4 24. Kh1 Re8 25. Re1 h6 26. Nd2 Nf6 27. Qxe8+ Nxe8 28. Rxe8+ Kh7 29. Nf3 Qxa2 30. Re2 b5 31. Kh2 Qd5 32. Rd2 Qc5 33. Rd7 Qc4 34. Rd4 Qc7+ 35. Kh1 a5 36. Rd1 a4 37. Rd2 b4 38. Rf2 b3 39. Nd4 Qc5 0-1


[Site "https://www.chess.com"]

[Event "Titled Tuesday Blitz February 22 Late 2022"]
[White "Colas, Joshua"]
[Black "Bluebaum, Matthias"]
[WhiteFideId "2044447"]
[BlackFideId "24651516"]
[WhiteElo "2347"]
[BlackElo "2550"]
[Result "0-1"]
[Round "05"]
[TimeControl "180+1"]
[Date "2022.02.22"]
[WhiteClock "0:00:27"]
[BlackClock "0:00:29"]

1. Nf3 d5 2. c4 d4 3. b4 c5 4. e3 Nf6 5. Bb2 dxe3 6. fxe3 cxb4 7. Be2 g6 8. O-O Bg7 9. d4 O-O 10. Nbd2 a5 11. a3 bxa3 12. Bxa3 b6 13. Rb1 Nbd7 14. Qc2 Ba6 15. Qa4 Re8 16. Rfd1 Ng4 17. Nf1 Qc7 18. Rb3 e5 19. h3 Ngf6 20. dxe5 Nxe5 21. Bd6 Qd7 22. Qa3 Nxc4 23. Bxc4 Bxc4 24. Rxb6 Nd5 25. Bc5 Qc7 26. Rd6 Nb4 27. Bb6 Qb7 28. Bxa5 Nc6 29. Rd7 Rxa5 30. Qc1 Qa6 31. N1d2 Ra1 32. Qc2 Rxd1+ 33. Qxd1 Be6 34. Rd6 Bf8 35. Ne4 Bxd6 36. Nf6+ Kh8 37. Nxe8 Be7 38. Qc1 f6 39. Qc3 Qc4 40. Qa1 Qa2 41. Qc3 Qb1+ 42. Kh2 Qb8+ 43. Ne5 Qxe5+ 44. Qxe5 Nxe5 45. Nc7 Bf7 46. g3 Bd6 47. Nb5 Bc5 48. Nc7 Kg7 49. Kg2 Bxe3 50. g4 Bb6 51. Nb5 Bd5+ 52. Kg3 g5 53. Nd6 Bc7 54. Ne8+ Kf7 55. Nxc7 Bc4 56. Na8 Nd7 57. Nc7 Ke7 58. Kf3 Kd6 59. Ne8+ Ke7 60. Ng7 Bd3 61. Ke3 Bg6 62. h4 Kf7 63. hxg5 Kxg7 64. gxf6+ Kxf6 65. Kf4 h6 66. Kg3 Kg5 67. Kh3 Ne5 68. Kg3 Nxg4 69. Kh3 h5 70. Kg3 h4+ 71. Kh3 Bf5 72. Kg2 Nf6 73. Kf3 Nd7 74. Kg2 Nb8 75. Kh2 Nc6 76. Kh1 Kg4 77. Kh2 Be4 78. Kg1 Kg3 79. Kf1 Nd4 80. Kg1 Bd3 81. Kh1 h3 82. Kg1 Nb5 83. Kh1 Nd6 84. Kg1 Nf5 85. Kh1 Nh4 86. Kg1 h2+ 87. Kh1 Be4# 0-1


[Site "https://www.chess.com"]